 Dungeon Crawl Stone Soup version 0.24.0-123-gd5b16e6ec5 (webtiles) character file.

Game seed: 2855139264621900714, levelgen mode: deterministic

109 1994 the Shield-Bearer (level 4, -17/24 HPs)
             Began as a Vine Stalker Fighter on Jan 23, 2020.
             Demolished by an orc priest
             ... wielding a +0 dagger of electrocution
              (19 damage)
             ... on level 3 of the Dungeon.
             The game lasted 00:06:39 (2126 turns).

1994 the Shield-Bearer (Vine Stalker Fighter)       Turns: 2126, Time: 00:06:40

Health: -17/24     AC:  9    Str: 18    XL:     4   Next: 90%
Magic:  0/8        EV:  7    Int:  9    God:
Gold:   148        SH:  9    Dex: 14    Spells: 7/7 levels left

rFire    . . .     SeeInvis .   a - +0 rapier
rCold    . . .     Gourm    .   c - +0 shield
rNeg     . . .     Faith    .   i - +0 scale mail
rPois    .         Spirit   +   v - +0 helmet
rElec    .         Reflect  .   t - +0 cloak
rCorr    .         Harm     .   g - +0 pair of gloves
MR       .....                  (no boots)
Stlth    ..........             (no amulet)
HPRegen  0.48/turn              (no ring)
MPRegen  0.11/turn              (no ring)

@: no status effects
A: fangs 2, regeneration 1, magic shield, antimagic bite, no potion heal 3, rot
immunity
a: no special abilities


You were on level 3 of the Dungeon.
You were not hungry.

You visited 1 branch of the dungeon, and saw 3 of its levels.

You collected 148 gold pieces.

Inventory:

Hand Weapons
 a - a +0 rapier (weapon)
 b - a +0 hunting sling
 k - a +0 long sword
Missiles
 j - 46 stones (quivered)
 l - 8 sling bullets
Armour
 c - a +0 shield (worn)
 g - a +0 pair of gloves (worn)
 i - a +0 scale mail (worn)
 t - a +0 cloak (worn)
 u - a +0 large shield
 v - a +0 helmet (worn)
Jewellery
 r - a cursed ring of attention {unknown}
Scrolls
 h - a scroll of teleportation {unknown}
 n - a scroll of amnesia {unknown}
 p - a scroll of fog {unknown}
 q - a scroll of remove curse {unknown}
Potions
 d - 2 potions of might
 e - a potion of magic {unknown}
 m - a potion of lignification {unknown}
 o - a potion of heal wounds {unknown}
 s - a potion of resistance {unknown}
Comestibles
 f - 6 rations
 w - 3 chunks of flesh


   Skills:
 + Level 3.0 Fighting
 * Level 2.7 Long Blades
 - Level 2.4 Armour
 * Level 3.5 Shields
 * Level 2.1 Spellcasting


You had 7 spell levels left.
You didn't know any spells.
Your spell library was empty.

Dungeon Overview and Level Annotations

Branches:
Dungeon (3/15)

Altars:


Innate Abilities, Weirdness & Mutations

You have extremely sharp teeth.
Your natural rate of healing is unusually fast.
When hurt, damage is shared between your health and your magic reserves.
Your bite disrupts and absorbs the magic of your enemies.
Potions cannot restore your health.
You are immune to rotting.


Message History

You are electrocuted!
a - a +0 rapier (weapon)
You closely miss the orc priest.
You bite the orc priest, but do no damage.
The orc priest is heavily wounded.
The orc priest completely misses you.
You barely miss the orc priest. Your bite misses the orc priest.
The orc priest is moderately wounded.
The orc priest hits you but does no damage.
You barely miss the orc priest. Your bite misses the orc priest.
The orc priest is moderately wounded.
The orc priest hits you but does no damage.
You are electrocuted!!
Ouch! That really hurt!
* * * LOW HITPOINT WARNING * * *
The orc priest hits you with a +0 dagger of electrocution.
* * * LOW HITPOINT WARNING * * *
You are electrocuted!!
Ouch! That really hurt!
You die...

#.# ...# #÷# ###..##
#.# #...>. #.# #...#
#.# #...#
######(###...#
#......)(....###
#.........(o.#..
#.........##@#.#####
#.........##.#.##.<# #
#.........##.#.##.##.#
#.........##÷#.#.....#
#.........##.#.#..####
#.........##)#....#.#
############........#
######.#.# #.#.#


You could see an orc priest.

Vanquished Creatures
  3 adders
  3 oozes
  A worm (D:2)
  A dart slug (D:3)
  A leopard gecko (D:2)
  2 orcs (D:3)
  7 bats
  3 giant cockroaches
  10 goblins
  6 hobgoblins
  4 jackals (D:1)
  A ball python (D:1)
  2 frilled lizards
  9 kobolds
  8 rats
61 creatures vanquished.

Notes
Turn   | Place    | Note
-------+----------+-------------------------------------------
     0 | D:1      | 1994 the Vine Stalker Fighter began the quest for the Orb.
     0 | D:1      | Reached XP level 1. HP: 11/11 MP: 2/2
   147 | D:1      | Reached XP level 2. HP: 13/16 MP: 3/3
   475 | D:1      | Reached skill level 1 in Spellcasting
   804 | D:1      | Reached XP level 3. HP: 17/19 MP: 3/5
  1300 | D:2      | Gained mutation: Your natural rate of healing is unusually
                  | fast. [Vine Stalker growth]
  1300 | D:2      | Reached XP level 4. HP: 11/23 MP: 5/7
  2126 | D:3      | Demolished by an orc priest

Levels and vault maps discovered:
D:1:      dpeg_arrival_another_circle, layout_basic
D:2:      layout_loops_ring, first_ration
D:3:      layout_basic

Skill      XL: |  1  2  3  4 |
---------------+-------------+-----
Long Blades    | 2 |  2.7
Spellcasting   | 1 2 |  2.1
Shields        | 3 |  3.5
Fighting       | 3 |  3.0
Armour         | |  2.4

Action                   |  1- 3 |  4- 6 || total
-------------------------+-------+-------++-------
Melee: Long sword        |    15 |       ||    15
       Dagger            |   115 |     5 ||   120
       Bite              |    33 |    12 ||    45
       Rapier            |       |    49 ||    49
 Fire: Hunting sling     |    25 |    24 ||    49
  Eat: Chunk             |     1 |     3 ||     4
Armor: Scale mail        |    58 |    16 ||    74
Dodge: Dodged            |    33 |    13 ||    46
Block: Shield            |    57 |    24 ||    81
       Rpst.: Long sword |     1 |       ||     1
